 Dungeon Crawl Stone Soup version 0.30.1 (webtiles) character file.

Game seed: 18282491846969943773

230 Babbit the Covered (level 5, -2/47 HPs)
             Began as a Minotaur Fighter on July 8, 2023.
             Was a Follower of Trog.
             Succumbed to a water moccasin's poison
             ... on level 5 of the Dungeon on July 9, 2023.
             The game lasted 00:36:39 (3106 turns).

Babbit the Covered (Minotaur Fighter)               Turns: 3106, Time: 00:36:39

Health: -2/47      AC: 14    Str: 26    XL:     5   Next: 72%
Magic:  4/4        EV: 10    Int:  5    God:    Trog [*.....]
Gold:   191        SH:  6    Dex: 12    Spells: 4/4 levels left

rFire   . . .        j - +2 dagger (protect)
rCold   . . .        c - +1 buckler
rNeg    . . .        b - +0 scale mail
rPois   .            (helmet restricted)
rElec   .            (no cloak)
rCorr   .            (no gloves)
SInv    .            (no boots)
Will    .....        (no amulet) Stlth
                     y - +6 ring of strength
HPRegen 0.27/turn    (no ring)
MPRegen 0.09/turn

%: no passive effects
@: lethally poisoned (-2 -> -20), under a protective aura
A: horns 2, retaliatory headbutt
a: Renounce Religion, Berserk


You were on level 5 of the Dungeon.
You worshipped Trog.
Trog was aware of your devotion.
You visited 1 branch of the dungeon, and saw 5 of its levels.

You collected 191 gold pieces.

Inventory:

Hand Weapons
 a - a +0 war axe
 d - a +0 short sword
 j - a +2 dagger of protection (weapon)
 B - a +4 whip
Missiles
 f - 17 stones (quivered)
Armour
 b - a +0 scale mail (worn)
 c - a +1 buckler (worn)
 v - a +1 leather armour of positive energy
Jewellery
 y - a +6 ring of strength (left hand)
Wands
 m - a wand of quicksilver (8)
 t - a wand of roots (5)
Scrolls
 e - a scroll of enchant armour
 g - a scroll of identify
 l - 2 scrolls of vulnerability {unknown}
 o - 2 scrolls of teleportation {unknown}
 p - 2 scrolls of amnesia {unknown}
 q - a scroll of summoning {unknown}
 s - a scroll of poison {unknown}
 u - 2 scrolls of fear {unknown}
 w - a scroll of blinking {unknown}
 A - a scroll of magic mapping {unknown}
Potions
 h - a potion of resistance {unknown}
 i - 2 potions of curing
 k - a potion of haste {unknown}
 n - 2 potions of flight
 r - 2 potions of heal wounds
 x - a potion of degeneration {unknown}
 z - 2 potions of attraction {unknown}


   Skills:
 + Level 4.7 Fighting
 + Level 1.9 Short Blades
 + Level 3.3 Axes
 + Level 1.2 Throwing
 + Level 5.2 Armour
 + Level 0.4 Dodging
 + Level 0.3 Stealth
 + Level 4.4 Shields


You had 4 spell levels left.
You didn't know any spells.
Your spell library was empty.

Dungeon Overview and Level Annotations

Branches:
Dungeon (5/15)
 Temple: D:4-7

Altars:
Trog
Wu Jian


Innate Abilities, Weirdness & Mutations

You have a pair of horns on your head.
You reflexively headbutt those who attack you in melee.


Message History

Your weapon exudes an aura of protection.
Your headbutt misses the water moccasin.
The water moccasin bites you but does no damage.
You barely miss the water moccasin.
The water moccasin bites you but does no damage.
The water moccasin completely misses you.
You closely miss the water moccasin.
Your headbutt misses the water moccasin.
The water moccasin bites you but does no damage.
You barely miss the water moccasin.
The water moccasin bites you but does no damage.
You closely miss the water moccasin. You block the water moccasin's attack.
The water moccasin bites you!
You miss the water moccasin. The water moccasin barely misses you.
You closely miss the water moccasin. The water moccasin bites you.
You are poisoned.
The water moccasin poisons you!
You hit the water moccasin.
Your weapon exudes an aura of protection.
The water moccasin is lightly wounded.
You feel very sick. The water moccasin bites you.
* * * LOW HITPOINT WARNING * * *
You are lethally poisoned!
The water moccasin poisons you!
The water moccasin bites you but does no damage.
You barely miss the water moccasin.
Your headbutt misses the water moccasin.
The water moccasin is lightly wounded.
* * * LOW HITPOINT WARNING * * *
You feel very sick. The water moccasin misses you.
You hit the water moccasin but do no damage.
The water moccasin is lightly wounded.
* * * LOW HITPOINT WARNING * * *
You feel very sick. You block the water moccasin's attack.
You miss the water moccasin.
The water moccasin is lightly wounded.
You die...

.........
.........
#........
##........
#........
#.....#
###.....##
##........#
#.....@.##..#
####.†>##S.#
#......#......
#......#......#
##.##...........
#.####..........
#..<.#..##......
#.......#.......
##.........


You could see a water moccasin.

Vanquished Creatures
  Terence (D:2)
  An iguana (D:5)
  3 gnolls (D:4)
  6 adders
  A dart slug (D:2)
  2 worms
  13 orcs
  5 endoplasms
  3 giant cockroaches
  8 goblins
  7 hobgoblins
  A quokka (D:1)
  8 ball pythons
  4 bats
  5 frilled lizards
  8 kobolds
  A rat (D:2)
77 creatures vanquished.

Notes
Turn   | Place    | Note
-------+----------+-------------------------------------------
     0 | D:1      | Babbit the Minotaur Fighter began the quest for the Orb.
     0 | D:1      | Reached XP level 1. HP: 19/19 MP: 0/0
   301 | D:1      | Reached XP level 2. HP: 27/27 MP: 1/1
   379 | D:1      | Reached skill level 4 in Armour
   408 | D:1      | Found a faded altar of an unknown god.
   812 | D:2      | Reached XP level 3. HP: 34/34 MP: 2/2
   947 | D:2      | Noticed Terence
   956 | D:2      | Killed Terence
  1185 | D:2      | Reached XP level 4. HP: 40/41 MP: 3/3
  1271 | D:3      | Found a bloodstained altar of Trog.
  1309 | D:3      | Became a worshipper of Trog the Wrathful
  1449 | D:3      | Reached skill level 1 in Short Blades
  1517 | D:3      | Reached skill level 1 in Throwing
  1693 | D:3      | Reached XP level 5. HP: 38/47 MP: 4/4
  1730 | D:3      | Found an ornate altar of the Wu Jian Council.
  2390 | D:4      | Reached * piety under Trog
  3070 | D:5      | Entered Level 5 of the Dungeon
  3089 | D:5      | Reached skill level 5 in Armour
  3093 | D:5      | Noticed a water moccasin
  3105 | D:5      | HP: 2/47 [poisoned by a water moccasin]
  3106 | D:5      | Succumbed to a water moccasin's poison

Illustrated notes

Levels and vault maps discovered:
D:1:      minmay_arrival_shattered_statue, layout_basic,
          dreamdust_ecumenical_altar_statues
D:2:      layout_basic, nicolae_concentric_dashed_squares_wild, uniq_terence
D:3:      layout_basic, general_overflow_altar, mainiacjoe_overflow_boulevard,
          minmay_bisected
D:4:      kennysheep_big_flooded_room, layout_cave_pods,
          nicolae_ru_great_annihilating_truth
D:5:      layout_cave_pools, mainiacjoe_overflow_small_starburst, serial_shops,
          shop, gup_sewer_entry_glass, uniq_blork_the_orc

Skill      XL: |  1  2  3  4  5 |
---------------+----------------+-----
Armour         | 4 5 |  5.2
Fighting       | 4 |  4.7
Shields        | 4 |  4.4
Axes           | 3 |  3.3
Short Blades   | 1 |  1.9
Throwing       | 1 |  1.2
Dodging        | |  0.4
Stealth        | |  0.3

Action                     |  1- 3 |  4- 6 || total
---------------------------+-------+-------++-------
  Melee: Short sword       |    11 |       ||    11
         War axe           |    25 |       ||    25
         Headbutt          |     7 |    28 ||    35
         Dagger            |    44 |   172 ||   216
  Throw: Stone             |    39 |    19 ||    58
    Use: Scroll            |     2 |     3 ||     5
 Armour: Scale mail        |    38 |    62 ||   100
  Dodge: Dodged            |    36 |    56 ||    92
  Block: Buckler           |    18 |    40 ||    58
